 Dungeon Crawl Stone Soup version bcrawl-1.37.2 (webtiles) character file.

Game seed: 8683971588305852451

74476 Baz the Cutter (level 2, 0/21 HPs)
             Began as an Octopode Chaos Knight on Feb 13, 2023.
             Was a Plaything of Xom.
             Slain by a quokka (3 damage)
             ... on level 2 of the Dungeon.
             The game lasted 00:01:03 (1113 turns).

Baz the Cutter (Octopode Chaos Knight)              Turns: 1113, Time: 00:01:03

Health: 0/21       AC:  1    Str: 11    XL:     2   Next: 50%
Magic:  2/2        EV: 13    Int: 14    God:    Xom [......]
Gold:   187        SH:  0    Dex: 11    Spells: 1/1 levels left

rFire    . . .     GDR:     23% a - +0 short sword (chaos)
rCold    . . .     SeeInvis .   (no shield)
rNeg     . . .     Gourm    .   (helmet restricted)
rPois    .         Faith    .   (cloak restricted)
rElec    .         Spirit   .   (no amulet)
rCorr    .         Reflect  .   (no ring)
MR       .....                  (no ring)
Stlth    +++.......             (no ring)
HPRegen  0.13/turn              (no ring)
MPRegen  0.08/turn              (no ring)
                                (no ring)
                                (no ring)
                                (no ring)

@: no status effects
A: almost no armour, stealthy swim, resist paralysis, amphibious, 8 rings,
constrict 8, camouflage 1, gelatinous body 1
a: Renounce Religion


You were on level 2 of the Dungeon.
You worshipped Xom.
You were a very special plaything of Xom.
You were hungry.

You visited 1 branch of the dungeon, and saw 2 of its levels.

You collected 187 gold pieces.

Inventory:

Hand Weapons
 a - a +0 short sword of chaos (weapon)
Jewellery
 f - an uncursed amulet of magic regeneration {unknown}
Scrolls
 b - a scroll of teleportation
 d - a scroll of noise {unknown}
Comestibles
 e - 2 rations {!d}


   Skills:
 + Level 3.1 Fighting
 + Level 3.1 Short Blades
 + Level 2.5 Dodging
 * Level 1.8 Stealth


You had one spell level left.
You didn't know any spells.
Your spell library was empty.

Dungeon Overview and Level Annotations

Branches:
Dungeon (2/12)

Altars:


Innate Abilities, Weirdness & Mutations

You cannot wear most types of armour.
You are very stealthy in the water. (Stealth+)
Your unusual nervous system resists paralysis.
You are amphibious.
You can wear up to eight rings at the same time.
You can use your tentacles to constrict eight enemies at once.
Your skin changes colour to match your surroundings (Stealth+).
Your rubbery body absorbs attacks. (AC +1, EV +1)


Message History

You constrict the leopard gecko, but do no damage.
The leopard gecko bites you.
* * * LOW HITPOINT WARNING * * *
No path to travel!
You release your grip on the leopard gecko.
The leopard gecko misses you.
The quokka twitches its whiskers.
The leopard gecko bites you but does no damage.
The quokka completely misses you.
A hobgoblin comes into view. It is wielding a +0 club.
Found a stone staircase leading down.
The helpless hobgoblin fails to defend itself.
You puncture the hobgoblin!
You kill the hobgoblin!
The quokka barely misses you.
You see here a +0 club.
The quokka misses you. The leopard gecko misses you. The quokka bites you.
You die...

#...#.#####
#.......... .# #
......... .# .....
......# ..#
..##.######....# ..#
..............###...#
..........s..l>#...#
#........gK..r.....#
.##..####.###.##@##..#
.....####..##.##.#
#..<...K.#...#.#
#........#...#.#
#............#.#
#(..........##.#
#...............
.................
.........###....


You could see a leopard gecko, a quokka, a giant cockroach, a hobgoblin and a
kobold.

Vanquished Creatures
  A dart slug (D:1)
  3 bats (D:1)
  A goblin (D:1)
  3 hobgoblins
  2 frilled lizards (D:1)
  4 rats (D:1)
14 creatures vanquished.

Vanquished Creatures (others)
  4 toadstools (D:1)
4 creatures vanquished.

Grand Total: 18 creatures vanquished

Notes
Turn   | Place    | Note
-------+----------+-------------------------------------------
     0 | D:1      | Baz the Octopode Chaos Knight began the quest for the Orb.
     0 | D:1      | Reached XP level 1. HP: 16/16 MP: 1/1
   115 | D:1      | XOM: harmless Air miscast
   162 | D:1      | Reached skill level 1 in Stealth
   227 | D:1      | Reached XP level 2. HP: 21/21 MP: 2/2
   449 | D:1      | XOM: give mutations
   449 | D:1      | Gained mutation: You are frail. (-10% HP) [Xom's mischief]
   449 | D:1      | Lost mutation: You are frail. (-10% HP) [Xom's mischief]
   652 | D:1      | XOM: noise
  1093 | D:1      | XOM: summons 1 hostile demon
  1094 | D:1      | Noticed a red devil
  1113 | D:2      | Slain by a quokka

Skill      XL: |  1 |
---------------+----+-----
Stealth        | 1 |  1.8
Fighting       | |  3.1
Short Blades   | |  3.1
Dodging        | |  2.5

Action                   || total
-------------------------++-------
Melee: Short sword       ||    28
       Constrict         ||     8
       Tentacles         ||     3
 Stab: Sleeping          ||     4
Armor: Skin              ||     9
Dodge: Dodged            ||    19
